 Dungeon Crawl Stone Soup version 0.28-a0-1510-gd0f6b136d3 (webtiles) character file.

Game seed: 13155783915298730942

40 HallandMoats the Skirmisher (level 3, 0/33 HPs)
             Began as a Ghoul Fighter on Jan 14, 2022.
             Was an Initiate of Gozag.
             Constricted to death by a ball python (1 damage)
             ... on level 2 of the Dungeon.
             The game lasted 00:01:02 (1230 turns).

HallandMoats the Skirmisher (Ghoul Fighter)         Turns: 1230, Time: 00:01:02

Health: 0/33       AC: 11    Str: 19    XL:     3   Next: 50%
Magic:  2/2        EV:  2    Int:  5    God:    Gozag
Gold:   165        SH:  4    Dex:  8    Spells: 2/2 levels left

rFire   . . .      SeeInvis .   a - +0 long sword
rCold   + . .      Faith    .   c - +0 buckler
rNeg    + + +      Spirit   .   g - +0 plate armour
rPois   ∞          Reflect  .   (no helmet)
rElec   .          Harm     .   (no cloak)
rCorr   .          Rampage  .   (no gloves)
Will    .....                   (no boots)
Stlth   ..........              (no amulet)
HPRegen 0.00/turn               (no ring)
MPRegen 0.08/turn               (no ring)

@: mighty, inhibited regen, constricted
A: claws 1, cold resistance 1, negative energy resistance 3, inhibited
regeneration, torment resistance 2
a: Renounce Religion, Potion Petition, Call Merchant, Bribe Branch


You were on level 2 of the Dungeon.
You worshipped Gozag.
Gozag was aware of your devotion.
You visited 1 branch of the dungeon, and saw 2 of its levels.

You collected 165 gold pieces.

Inventory:

Hand Weapons
 a - a +0 long sword (weapon)
Armour
 c - a +0 buckler (worn)
 g - a +0 plate armour (worn)
Jewellery
 h - a ring of fire
Scrolls
 b - a scroll of noise {unknown}
 f - 2 scrolls of identify {unknown}
Potions
 e - 2 potions of heal wounds {unknown}
 i - a potion of ambrosia {unknown}


   Skills:
 * Level 3.7 Fighting
 * Level 2.2 Long Blades
 + Level 2.8 Armour
 + Level 0.5 Dodging
 * Level 3.1 Shields


You had 2 spell levels left.
You didn't know any spells.
Your spell library was empty.

Dungeon Overview and Level Annotations

Branches:
Dungeon (2/15)

Altars:
Gozag

Annotations:
D:2 Terence


Innate Abilities, Weirdness & Mutations

You thrive by killing the living.
You are immune to poison.
You have sharp fingernails.
Your flesh is cold resistant. (rC+)
You are immune to negative energy. (rN+++)
You do not regenerate when monsters are visible.
You are immune to unholy pain and torment.


Message History

The ball python constricts you. Terence hits you but does no damage.
There are monsters nearby!
You barely miss the ball python.
The ball python is severely wounded.
Terence hits you but does no damage.
The ball python bites you but does no damage.
The ball python constricts you. Terence hits you with a +0 hand axe.
The ball python bites you but does no damage.
The ball python constricts you.
The ball python's grasp on you weakens, but your attempt to escape fails.
Terence hits you but does no damage.
The ball python bites you but does no damage.
The ball python constricts you.
You feel very mighty all of a sudden. Terence hits you with a +0 hand axe.
The ball python bites you but does no damage.
The ball python constricts you. Terence hits you but does no damage.
You barely miss Terence. Terence hits you with a +0 hand axe.
The ball python barely misses you. The ball python constricts you.
The ball python bites you but does no damage.
The ball python constricts you. Terence hits you with a +0 hand axe.
You slash Terence!
Terence is moderately wounded.
Terence hits you with a +0 hand axe.
* * * LOW HITPOINT WARNING * * *
The ball python completely misses you. The ball python constricts you.
Terence hits you with a +0 hand axe.
* * * LOW HITPOINT WARNING * * *
You slash Terence!
Terence is almost dead.
The ball python bites you.
* * * LOW HITPOINT WARNING * * *
The ball python constricts you.
An adder comes into view.
Terence hits you with a +0 hand axe.
* * * LOW HITPOINT WARNING * * *
The ball python bites you but does no damage.
The ball python constricts you.
You die...
Your body crumbles into a pile of gold.

##...## #.. ##.## #..
#.# #.# #.# #.#
#.#######.###
#.#...>...#.##
##########.#.###....#.##
#............##....###.#
.####.@##.......#..#.##
#@S####.###.#......
..... #.###.#.#..##
#?#..#. #.......#..#
.............#....).#
##...... ...#.####...# .
...#. ..##.# #...#
...... .. .> #...##
#.....


You could see Terence (fast) and a ball python.

Vanquished Creatures
  An adder (D:2)
  A dart slug (D:2)
  2 endoplasms
  4 giant cockroaches (D:1)
  2 goblins
  4 hobgoblins (D:1)
  2 quokkas
  4 bats
  5 frilled lizards (D:1)
  A kobold (D:2)
  A rat (D:1)
27 creatures vanquished.

Notes
Turn   | Place    | Note
-------+----------+-------------------------------------------
     0 | D:1      | HallandMoats the Ghoul Fighter began the quest for the Orb.
     0 | D:1      | Reached XP level 1. HP: 19/19 MP: 0/0
   209 | D:1      | Reached XP level 2. HP: 19/26 MP: 1/1
   500 | D:1      | Found a faded altar of an unknown god.
   505 | D:1      | Prayed at the altar of an unknown god.
   505 | D:1      | Became a worshipper of Gozag Ym Sagoz the Greedy
   862 | D:2      | Reached XP level 3. HP: 29/31 MP: 2/2
  1220 | D:2      | Noticed Terence
  1230 | D:2      | HP: 1/33 [Terence (5)]
  1230 | D:2      | Constricted to death by a ball python

Illustrated notes

Levels and vault maps discovered:
D:1:      ebering_trefoil_twist, layout_basic,
          shapermc_ecumenical_altar_mp_urbaneastern, minmay_door_square,
          corexii_item_surrounded_by_moat, minmay_lizard_pond
D:2:      layout_loops_cross, uniq_terence

Skill      XL: |  1  2 |
---------------+-------+-----
Long Blades    | 2 |  2.2
Shields        | 3 |  3.1
Fighting       | |  3.7
Armour         | |  2.8
Dodging        | |  0.5

Action                   || total
-------------------------++-------
Melee: Long sword        ||    98
  Use: Potion            ||     1
Armor: Plate armour      ||    95
Dodge: Dodged            ||    37
Block: Buckler           ||    33

Table legend: (Time is in decaauts)
 A = Elapsed time spent in this place.
 B = Non-inter-level travel time spent in this place.
 C = Inter-level travel time spent in this place.
 D = Time resting spent in this place.
 E = Time spent auto-exploring this place.
 F = Levels seen in this place.
 G = Mean time per level.
                   A        B        C        D        E       F      G
               +--------+--------+--------+--------+--------+-----+--------+
         Total |   1262 |   1227 |     35 |      0 |    983 |   2 |  631.0 |
       Dungeon |   1262 |   1227 |     35 |      0 |    983 |   2 |  631.0 |
               +--------+--------+--------+--------+--------+-----+--------+

Top non-repeatable levels by time:
     D:1: 875 daAuts
     D:2: 387 daAuts
